 Dungeon Crawl Stone Soup version 0.20.1-1-g8b1a95d (webtiles) character file.

192 vishdafish the Chopper (level 5, -2/47 HPs)
             Began as a Hill Orc Monk on July 13, 2017.
             Killed from afar by Sigmund (9 damage)
             ... with a magic dart
             ... on level 3 of the Dungeon.
             The game lasted 00:05:29 (3023 turns).

vishdafish the Chopper (Hill Orc Monk)              Turns: 3023, Time: 00:05:30

Health: -2/47      AC:  6    Str: 15    XL:     5   Next: 71%
Magic:  5/5        EV: 12    Int: 10    God:
Gold:   170        SH:  0    Dex: 13    Spells: 4/4 levels left

rFire    . . .     SeeInvis .   a - +0 hand axe
rCold    . . .     Gourm    .   (no shield)
rNeg     . . .     Faith    .   i - +0 ring mail
rPois    .         Spirit   .   o - +0 helmet
rElec    .         Reflect  .   (no cloak)
rCorr    .         Harm     .   (no gloves)
MR       .....                  (no boots)
Stlth    +.........             (no amulet)
Regen    0.2/turn               (no ring)
MPRegen  0.1/turn               (no ring)

@: no status effects
A: no striking features
a: no special abilities


You were on level 3 of the Dungeon.
You were not hungry.

You visited 1 branch of the dungeon, and saw 5 of its levels.

You collected 170 gold pieces.

Inventory:

Hand Weapons
 a - a +0 hand axe (weapon)
 s - a +0 hunting sling
Missiles
 j - 2 throwing nets (quivered)
 p - 18 sling bullets
Armour
 b - a +0 robe
 i - a +0 ring mail (worn)
 o - a +0 helmet (worn)
Scrolls
 e - 3 scrolls of identify {unknown}
 f - 2 scrolls of teleportation {unknown}
 g - a scroll of remove curse {unknown}
 h - a scroll of fog {unknown}
 q - a scroll of blinking {unknown}
 t - a scroll of recharging {unknown}
 u - a scroll of enchant armour {unknown}
 v - a scroll of enchant weapon {unknown}
Potions
 d - 4 potions of curing
 m - a potion of lignification {unknown}
 r - 2 potions of haste {unknown}
Comestibles
 c - 4 bread rations
 k - a meat ration
 l - 3 fruits
 n - 2 royal jellies


   Skills:
 + Level 4.7 Fighting
 * Level 6.1 Axes
 + Level 2.1 Armour
 + Level 3.0 Dodging
 - Level 1.5 Stealth


You had 4 spell levels left.
You didn't know any spells.

Dungeon Overview and Level Annotations

Branches:
Dungeon (5/15)
 Temple: D:4-7

Altars:
Ru

Annotations:
D:3 Sigmund


Message History

Sigmund barely misses you.
You feel better.
You hit Sigmund but do no damage.
Sigmund is almost dead.
Sigmund gestures at you while chanting. The puff of flame misses you.
You closely miss Sigmund.
Sigmund is almost dead.
Sigmund hits you with a scythe.
You hit Sigmund but do no damage.
Sigmund is almost dead.
Sigmund hits you with a scythe!
* * * LOW HITPOINT WARNING * * *
You hit Sigmund but do no damage.
Sigmund is almost dead.
You closely miss Sigmund.
Sigmund is almost dead.
Sigmund casts a spell at you. The magic dart hits you!
You die...

#.#.# #....#. #.
.)#.# ###..##.###
###. .###.#
#.......#####...
#$ #.#
##.##......)...##
# #.##
#(.###.....†.....
#..# #.##
#...........
##.### #.#
#....#######.
#...###.###.####
## ###.##@@...[#
# #.....##### #
#...#..# #
##...##.# #
##..#.##.## #
#.>##.....# #
#.÷.######..##
#...### #...#
#.## #.#...# ###


You could see Sigmund.

Vanquished Creatures
  Jessica (D:2)
  7 adders
  4 gnolls
  A dart slug (D:1)
  2 leopard geckos
  3 ball pythons
  9 bats
  A giant cockroach (D:2)
  12 goblins
  5 hobgoblins
  4 jackals
  2 quokkas (D:2)
  4 frilled lizards
  7 kobolds
  6 rats
68 creatures vanquished.

Notes
Turn   | Place    | Note
-------+----------+-------------------------------------------
     0 | D:1      | vishdafish the Hill Orc Monk began the quest for the Orb.
     0 | D:1      | Reached XP level 1. HP: 19/19 MP: 1/1
   342 | D:1      | Reached XP level 2. HP: 27/27 MP: 2/2
  1093 | D:2      | Reached XP level 3. HP: 30/33 MP: 3/3
  1156 | D:2      | Reached skill level 1 in Armour
  1291 | D:2      | Reached skill level 5 in Axes
  1291 | D:2      | Reached XP level 4. HP: 40/40 MP: 4/4
  1299 | D:2      | Noticed Jessica
  1309 | D:2      | Killed Jessica
  1421 | D:2      | Found a sacrificial altar of Ru.
  1770 | D:3      | Reached XP level 5. HP: 33/47 MP: 5/5
  2404 | D:5      | Entered Level 5 of the Dungeon
  2405 | D:5      | Reached skill level 6 in Axes
  2808 | D:3      | Noticed Sigmund
  3023 | D:3      | Killed from afar by Sigmund

Skill      XL: |  1  2  3  4  5 |
---------------+----------------+-----
Fighting       | 4 |  4.7
Armour         | 1 2 |  2.1
Axes           | 5 6 |  6.1
Dodging        | 3 |  3.0
Stealth        | |  1.5

Action                   |  1- 3 |  4- 6 || total
-------------------------+-------+-------++-------
Melee: Hand axe          |    76 |   141 ||   217
  Use: Potion            |       |     2 ||     2
 Stab: Sleeping          |     1 |       ||     1
  Eat: Chunk             |     1 |     2 ||     3
       Bread ration      |       |     1 ||     1
Armor: Robe              |     2 |       ||     2
       Ring mail         |    14 |    39 ||    53
Dodge: Dodged            |    50 |   116 ||   166
